AoeStats
← vindonissa

Black Forest

506686468Analyzed
4v4 RM · 19d ago on Sep 14, 2026· 55m 33s· 8 players
Game mode
Random Map
Map size
Large (8 player)
Population
200
Speed
Normal
Resources
Standard
Victory
Conquest
Starting age
Dark Age
Ending age
Imperial Age
RankedLock teamsTeams togetherTeam positionsShared explorationLock speedFull tech treeHidden civsTurbo modeCheats
Victory
Defeat
🇬🇷 Bohemians · Greece
1389
+15
🇨🇭 Malay · Switzerland
1348
+17
🇹🇷 Gurjaras · Türkiye
1348
+17
🇺🇾 Byzantines · Uruguay
1306
+18
🇸🇪 Dravidians · Sweden
1462
-21
🇸🇪 Ethiopians · Sweden
1393
-18
🇸🇪 Khmer · Sweden
1365
-17
🇸🇪 Bulgarians · Sweden
1216
-11
vindonissa
0:52 Loom
15:01 Feudal Age
19:10 Castle Age
17:38 Horse Collar
17:45 Double-Bit Axe
22:19 Heavy Plow
26:44 Bow Saw
26:38 Gold Mining
26:42 Stone Mining
28:02 Wheelbarrow
29:23 Hand Cart
28:54 Town Watch
33:07 Imperial Age
31:00 Fletching
31:10 Padded Archer Armor
31:55 Gold Shaft Mining
31:51 Ballistics
31:02 Crossbowman
31:45 Bodkin Arrow
31:33 Treadmill Crane
32:19 Forging
32:11 Squires
32:01 Arson
33:37 Chemistry
33:16 Conscription
33:00 Bracer
33:16 Leather Archer Armor
32:43 Arbalester
34:32 Iron Casting
33:43 Elite Karambit Warrior
34:45 Thumb Ring
35:01 Masonry
36:24 Ring Archer Armor
36:03 Siege Engineers
36:48 Bombard Tower
37:54 Blast Furnace
37:05 Caravan
37:36 Coinage
36:41 Pikeman
37:32 Halberdier
40:38 Crop Rotation
40:50 Stone Shaft Mining
44:40 Banking
tirtil
4:16 Loom
12:10 Feudal Age
15:42 Castle Age
13:52 Double-Bit Axe
13:48 Horse Collar
16:56 Bow Saw
16:47 Heavy Plow
19:23 Town Watch
20:20 Wheelbarrow
24:39 Hand Cart
24:58 Caravan
25:32 Gold Mining
29:37 Imperial Age
27:31 Scale Barding Armor
28:18 Forging
29:14 Gold Shaft Mining
29:09 Bloodlines
29:00 Husbandry
29:29 Chain Barding Armor
29:48 Iron Casting
30:26 Stone Mining
31:13 Plate Barding Armor
30:03 Heavy Camel Rider
30:44 Town Watch
32:05 Fletching
32:42 Elite Shrivamsha Rider
35:12 Frontier Guards
35:02 Bodkin Arrow
35:57 Kshatriyas
36:44 Bracer
36:18 Elite Chakram Thrower
37:58 Masonry
38:09 Ballistics
38:53 Chemistry
39:52 Architecture
47:42 Hoardings
Zzulu
6:13 Loom
12:16 Feudal Age
17:27 Castle Age
15:46 Double-Bit Axe
16:37 Fishing Lines
19:05 Bow Saw
20:40 Gillnets
21:24 Horse Collar
23:15 Wheelbarrow
28:02 Imperial Age
28:05 Chemistry
27:07 Scale Mail Armor
27:18 Forging
27:14 Pikeman
27:55 Squires
28:59 Hand Cart
28:30 Town Watch
31:07 Chain Mail Armor
31:27 Iron Casting
31:12 Heavy Plow
31:12 Houfnice
32:53 Plate Mail Armor
32:14 Fletching
32:37 Siege Engineers
32:35 Halberdier
35:46 Coinage
37:19 Caravan
53:36 Blast Furnace
52:37 Padded Archer Armor
52:32 Bodkin Arrow
EBERE
1:10 Loom
14:18 Feudal Age
17:59 Castle Age
16:06 Double-Bit Axe
16:02 Horse Collar
30:44 Fletching
30:37 Elite Skirmisher
32:20 Bow Saw
32:41 Heavy Plow
33:02 Bodkin Arrow
34:01 Thumb Ring
34:17 Padded Archer Armor
35:19 Leather Archer Armor
39:32 Imperial Age
37:41 Wheelbarrow
37:43 Caravan
40:15 Bracer
40:45 Ring Archer Armor
42:04 Husbandry
41:25 Light Cavalry
42:12 Scale Barding Armor
42:19 Forging
44:19 Two-Man Saw
44:32 Chemistry
44:12 Ballistics
44:03 Fortified Wall
43:49 Murder Holes
43:36 Hussar
45:09 Gold Mining
46:11 Crop Rotation
47:01 Iron Casting
46:47 Chain Barding Armor
47:34 Coinage
47:15 Guilds
46:51 Treadmill Crane
52:59 Heavy Camel Rider
56:09 Plate Barding Armor
ClaesErik
8:14 Loom
11:40 Feudal Age
15:11 Castle Age
18:13 Wheelbarrow
19:31 Double-Bit Axe
21:56 Hand Cart
23:49 Bow Saw
29:12 Imperial Age
26:45 Stone Mining
26:46 Gold Mining
27:55 Town Watch
28:29 Scale Barding Armor
28:35 Forging
29:23 Chain Barding Armor
29:39 Iron Casting
29:26 Masonry
29:48 Bloodlines
29:47 Husbandry
30:48 Plate Barding Armor
31:26 Chemistry
31:21 Gold Shaft Mining
31:22 Stone Shaft Mining
32:18 Caravan
33:13 Coinage
33:58 Blast Furnace
32:20 Cavalier
33:45 Conscription
33:27 Double Crossbow
33:29 Tusk Swords
33:40 Horse Collar
33:39 Elite Battle Elephant
35:20 Coinage
35:53 Town Patrol
40:31 Banking
41:15 Heavy Scorpion
42:24 Double Crossbow
47:28 Light Cavalry
50:49 Hussar
Karlavagnen
1:43 Loom
14:19 Feudal Age
17:09 Double-Bit Axe
22:39 Castle Age
21:02 Fishing Lines
22:35 Gold Mining
22:30 Horse Collar
23:44 Bow Saw
24:43 Heavy Plow
24:48 Stone Mining
25:12 Gillnets
26:14 Stone Shaft Mining
26:41 Wheelbarrow
27:03 Gold Shaft Mining
28:07 Hand Cart
30:04 Scale Barding Armor
30:10 Forging
31:45 Chain Barding Armor
32:01 Iron Casting
34:22 Imperial Age
31:38 Town Watch
33:03 Stirrups
34:31 Capped Ram
34:41 Elite Konnik
35:09 Gambesons
35:25 Squires
35:10 Arson
35:43 Siege Ram
37:07 Onager
38:24 Pikeman
39:29 Scale Mail Armor
40:30 Blast Furnace
40:40 Halberdier
41:33 Fletching
42:19 Plate Barding Armor
42:00 Chain Mail Armor
42:58 Bagains
43:58 Plate Mail Armor
RFR_im_no_pro
7:55 Loom
11:25 Feudal Age
11:58 Double-Bit Axe
14:59 Castle Age
13:23 Double-Bit Axe
14:41 Fishing Lines
16:02 Bow Saw
19:30 Gillnets
22:34 Wheelbarrow
23:01 Horse Collar
24:22 Hand Cart
24:33 Heavy Plow
27:54 Imperial Age
26:10 Fletching
26:20 Padded Archer Armor
26:44 Ballistics
27:56 Bodkin Arrow
28:16 Leather Archer Armor
28:47 Masonry
28:46 Thumb Ring
29:51 Chemistry
29:48 Bracer
30:27 Husbandry
30:24 Elite Elephant Archer
32:09 Town Watch
33:04 Masonry
33:27 Conscription
34:39 Ring Archer Armor
34:23 Medical Corps
44:20 Caravan
47:50 Scale Barding Armor
47:56 Forging
48:36 Wootz Steel
ASLAN
1:13 Loom
13:44 Feudal Age
17:45 Castle Age
15:56 Double-Bit Axe
16:06 Horse Collar
16:49 Padded Archer Armor
17:15 Fletching
19:05 Leather Archer Armor
20:06 Town Watch
22:58 Gold Mining
23:13 Crossbowman
31:50 Heavy Plow
34:19 Bodkin Arrow
36:24 Wheelbarrow
36:53 Thumb Ring
42:17 Imperial Age
39:10 Light Cavalry
39:51 Husbandry
41:09 Ballistics
41:00 Scale Barding Armor
40:34 Elite Skirmisher
42:06 Chain Barding Armor
42:50 Forging
42:39 Hussar
43:18 Arbalester
45:01 Iron Casting
49:00 Bow Saw
51:39 Two-Man Saw
50:33 Hussar
Connection lost

Rejoining the realm…

Still unreachable

The connection could not be restored.

Session expired

The server has moved on; the page needs a fresh start.